Unix NetHack Version 3.7.0-88 Work-in-progress - last build Aug 21 2023 04:08:40 (b68ccb3e4f8f5dcb83e1e40b1ff56e7dffd4cd28,branch:master). Game began 2023-08-26 16:24:51, ended 2023-08-26 17:56:03. spontiff, neutral male gnomish Healer --- ----.- |...... --...... --...|... |...--<.. -..--..-- ......-- --..---... .|..------- ...-|..^-- ----- ..---....| |...| .........| |...-- ........---@...| ..........d...| .......---...| ..--..-- --.-- ------- --- Spontiff the Rhizotomist St:11 Dx:7 Co:15 In:11 Wi:18 Ch:16 Neutral S:894 Dlvl:6 $:2040 HP:0(20) Pw:1(1) AC:1 Xp:1/0 T:3544 Burdened Latest messages: You drop 3 arrows. What do you want to drop? [$b-eg-oqs-vyzA-CEFHJ-NP-UW-Z or ?*] 5 Count: 5 L You drop 5 arrows. What do you want to drop? [$b-eg-oqs-vyzA-CEFHJ-NP-UW-Z or ?*] 3 Count: 3 t You drop 3 crossbow bolts. What do you want to drop? [$b-eg-oqs-vyzA-CEFHJ-NP-UW-Z or ?*] 5 Count: 5 N You drop 5 crossbow bolts. You fall down the stairs. You hear a jackal howling at the moon. You swap places with your large dog. You see here a gem called yb2. You have a little trouble lifting B - a gem called yb2 (3 in total). You hear rumbling in the distance. The large dog bites the werejackal. The large dog bites the werejackal. The large dog bites the werejackal. The werejackal misses the large dog. The werejackal hits! The large dog bites the werejackal. You hear crashing rock. The large dog bites the grid bug. What do you want to use or apply? [bmoszSZ or ?*] s In what direction? b Status of the little dog (neutral, small): Level 2 HP 11(11) AC 6, peaceful. You hear some noises. You hear some noises in the distance. You fall into a pit! You land on a set of sharp iron spikes! You are still in a pit. You are still in a pit. You are still in a pit. You are still in a pit. You are still in a pit. You are still in a pit. You crawl to the edge of the pit. You see here a gem called g1. You have a little trouble lifting P - a gem called g1 (4 in total). You hear crashing rock. The large dog bites the manes. The large dog bites the gas spore. The gas spore is killed! Boom! The large dog is caught in the gas spore's explosion! You are caught in the gas spore's explosion! It is fatal. Do you want your possessions identified? [ynq] (y) y Do you want to see the dungeon overview? [ynq] (y) q Inventory: Coins $ - 2040 gold pieces Amulets X - a cursed amulet of strangulation Weapons C - an uncursed +0 arrow L - a cursed -2 arrow F - a cursed -3 arrow N - a blessed +1 crossbow bolt t - a cursed -1 crossbow bolt M - an uncursed +0 bow u - an uncursed +0 crossbow Q - a blessed +1 dart W - 2 uncursed +0 darts R - a cursed -1 dart k - an uncursed +0 orcish dagger Armor h - an uncursed +0 dwarvish iron helm (being worn) g - an uncursed +1 pair of leather gloves (being worn) v - an uncursed +0 pair of iron shoes (being worn) q - an uncursed +1 dwarvish cloak (being worn) e - an uncursed +0 dwarvish cloak H - an uncursed +0 dwarvish cloak d - an uncursed +0 leather armor (being worn) Comestibles y - an uncursed apple n - 3 uncursed food rations Scrolls T - 2 uncursed scrolls of teleportation Spellbooks b - a blessed spellbook of healing Potions c - 4 uncursed potions of extra healing Y - 2 uncursed potions of paralysis i - an uncursed potion of sickness A - an uncursed potion of speed Rings j - an uncursed ring of see invisible Wands S - an uncursed wand of sleep (0:7) Z - an uncursed wand of sleep (0:5) Tools z - an uncursed leash m - an uncursed magic marker (0:44) o - an uncursed magic whistle s - an uncursed stethoscope Gems/Stones U - 3 uncursed amber stones E - an uncursed worthless piece of black glass l - an uncursed worthless piece of blue glass P - 4 uncursed worthless pieces of green glass J - an uncursed worthless piece of orange glass K - 3 uncursed worthless pieces of white glass B - 3 uncursed worthless pieces of yellowish brown glass Spontiff the Healer's attributes: Background: You were a Rhizotomist, a level 1 male gnomish Healer. You were neutral, on a mission for Hermes who was opposed by Athena (lawful) and Poseidon (chaotic). You were in the Gnomish Mines, on level 6. You entered the dungeon 3544 turns ago. You had 0 experience points, 20 were needed to attain level 2. Your score was 894 before end-of-game adjustments. Basics: You had 0 out of 20 hit points. You had 1 out of 1 energy points (spell power). Your armor class was 1. Your wallet contained 2040 zorkmids. Autopickup was on for '$!/="?' plus thrown, with exceptions. Final Characteristics: Your strength was 11 (limit:18/50). Your dexterity was 7 (limit:18). Your constitution was 15 (limit:18). Your intelligence was 11 (limit:19). Your wisdom was 18 (limit:18). Your charisma was 16 (limit:18). Final Status: You were not hungry. You were burdened; movement was slightly slowed. You were empty handed. You were unskilled in bare handed combat. Final Attributes: You were devoutly aligned. You were poison resistant. You had infravision. You were warded. You are dead. Miscellaneous: You never encountered a bones level. Total elapsed playing time was 1 hour, 31 minutes and 12 seconds. Major events: Turn 1: spontiff the neutral male gnomish Healer entered the dungeon 1211: entered the Gnomish Mines 3544: killed by a gas spore's explosion Vanquished creatures: a small mimic a shrieker a gnome leader 4 dwarves a homunculus an orc zombie a werejackal an iguana 2 gas spores 6 hobbits a manes a hobgoblin 4 giant rats 5 yellow molds 8 gnomes a garter snake a gnome zombie 3 geckos 11 jackals 2 foxes a kobold 2 goblins 2 sewer rats 11 grid bugs a bat 7 lichens 2 kobold zombies 6 newts 88 creatures vanquished. No species were genocided or became extinct. Voluntary challenges: You never hit with a wielded weapon. You were a pacifist. You read items or engraved 3 times. You never engraved Elbereth. You never genocided any monsters. You never polymorphed an object. You never changed form. You used no wishes. Achievements: You entered a shop. You entered the Gnomish Mines. The Dungeons of Doom: levels 1 to 4 Level 1: Level 2: A general store. Level 3: Stairs down to The Gnomish Mines. Level 4: An armor shop. The Gnomish Mines: levels 4 to 6 Level 4: Level 5: Level 6: <- You were here. Final resting place for you, killed by a gas spore's explosion. Game over: ---------- / \ / REST \ / IN \ / PEACE \ / \ | spontiff | | 2040 Au | | killed by a gas | | spore's | | explosion | | | | 2023 | *| * * * | * _________)/\\_//(\/(/\)/\//\/|_)_______ Goodbye spontiff the Healer... You died in The Gnomish Mines on dungeon level 6 with 830 points, and 2040 pieces of gold, after 3544 moves. You were level 1 with a maximum of 20 hit points when you died.